 BcadrenCrawl: Boulder Brew version 0.06.7.3-23-g1ca577db0e (webtiles) character file.

Game seed: 15844195310197708155

1 MackTheKnife the Consumer (level 1, -1/24 HPs) Oozomorph Berserker. Began on Nov 17, 2023. Was a Follower of Trog. Succumbed to a kobold's poison ... on level 1 of the Dungeon. The game lasted 00:00:19 (22 turns).

MackTheKnife the Consumer (Oozomorph Berserker)       Turns: 22, Time: 00:00:20

Health: -1/24      AC:  2    Str: 17    XL:     1 ^: 10
Magic:  1/1        EV: 12    Int:  7    God:    Trog [1* [36]]
Gold:   0          SH:  0    Dex: 12    Spells: 0/0 levels left

rFire    . . .     Slash    +   a - +0 hatchet
rCold    . . .     Pierce   +   (no weapon)
rNeg     . . .     Bludgeon x   b - +0 animal skin
rCorr    + + +     Vision   .   (no armour)
rPois    .         Rnd*Rage +   (no armour)
rElec    .                      (no armour)
MR       .....                  (no armour)
HPRegen  0.18/turn              (no armour)
MPRegen  0.11/turn              (nothing subsumed)
Stlth    +.........             (no amulet)
                                (no ring)
                                (no ring)

@: confused, lethally poisoned (-1 -> -14)
A: cytoplasmic subsumption, amorphous body, gelatinous body 1, gelatinous flesh
a: Subsume Item, Renounce Religion, Berserk


You were on level 1 of the Dungeon.
You worshipped Trog.
Trog was aware of your devotion.
You were not hungry.

You visited 1 branch of the dungeon, and saw 1 of its levels.


Innate Abilities, Weirdness & Mutations

You may subsume any weapon, armour, or jewellery into your cytoplasm to benefit from its magical properties.
Your body is completely amorphous, allowing you to wear any combination of armour.
You have seven amorphous slots; replacing the normal gear slots.
Body armours and bardings take two slots, all other armours take one.
Your gelatinous form absorbs acid and is immune to constriction and sticky flames. (rCorr(absorb), Slime)
Your formless flesh reforms from cuts and stabs, but takes increased shock from blunt direct hits.
Heavy manmade armour will nullify this weakness. (rSlashing+, rPiercing+, rBludgeoning-)
You frequently lose your temper in combat.
This godly rage surpasses even clarity. (*Rage)


   Skills:
 + Level 3.3 Fighting
 + Level 3.0 Axes & Hammers
 - Level 1.7 Armour
 - Level 1.5 Dodging


You couldn't memorise any spells.
You didn't know any spells.
Your spell library was empty.

Inventory:

Weapons
 a - a +0 hatchet (weapon)
Armour
 b - a +0 animal skin (worn)
 d - a +0 leather armour
   (You found it on level 1 of the Dungeon)
Comestibles
 c - 3 rations {@e2}

Dungeon Overview and Level Annotations

Branches:
Dungeon (1/8)

Altars:

#.......
.###......#######
...........≈≈≈≈#.
..#........?.≈≈≈≈≈.
..#.#.........≈≈≈≈.
....#..........≈≈≈.
##......#..<...≈≈≈.
#.......K).....≈≈≈.
........#@.....≈≈≈.
##......#..≈..≈≈≈≈.
##.....##≈≈..≈≈≈#.
.........#≈≈≈≈≈≈≈#
...#.....#########
.....###.. ##...
#... ...#. ..g..
... .##...


You could see a kobold.


Message History

🤖 Initializing magus.rc ... ✅ Successfully initialized magus.rc [v1.9.6] Welcome, MackTheKnife the Oozomorph Berserker.
Will you prevail where others failed? Will you find the Orb of Zot?
Trog says: Kill them all!
Press ? for a list of commands and other information.
Found a +0 leather armour and a scroll of random uselessness.
Found a staircase leading out of the dungeon.
A goblin and a kobold come into view.
The kobold is wielding a cursed +6 club of chaos {(Curse: Fragile)}.
The goblin shouts!
The kobold shouts!
The kobold picks up a skull and throws it.
The skull hits you (3).
You are struck brutally! 😕 HP[-3]
You take 3 damage, and now have 21/24 hp. 😕 HP[+1]
You see here a +0 leather armour.
d - a +0 leather armour Wear which item? (? for menu, Esc to quit)
You start putting on your armour.
You continue putting on your +0 leather armour.
Keep equipping yourself? [Y]es or [N]o only, please.
Keep equipping yourself?
You stop putting on your armour. 😕 HP[+1]
You hit the goblin (2).
He is lacerated severely!
You barely miss the goblin. The goblin closely misses you.
You hit the goblin (4).
He is lacerated severely!
You kill the goblin!
Trog accepts your kill.
The kobold picks up a bone and throws it.
The bone hits you (3).
You are struck brutally! 😕 HP[-3]
You take 3 damage, and now have 20/24 hp.
Things that are here:
a +0 club {mace}; a goblin corpse You barely miss the kobold.
You hit the kobold but do no damage.
The kobold hits you with a cursed +6 club of chaos {(Curse: Fragile)} (6).
You are struck brutally!
You are confused.
The kobold hits you with a cursed +6 club of chaos {(Curse: Fragile)} (14)!
You are struck brutally!
Ouch! That really hurt!
* * * LOW HITPOINT WARNING * * *
You are lethally poisoned! 😱 HP[-19]
You take 19 damage, and now have 1/24 hp.
MASSIVE DAMAGE!! (PAUSE)
Press: ? - help, v - describe, . - travel
Here: a kobold, wielding a cursed +6 club of chaos {(Curse: Fragile)} (88%, 89% to-hit, healthy (3/3), 85% (Melee), 78% (Ranged))
You aren't carrying any potions.
You die...

Action                   || total
-------------------------++-------
Melee: Hatchet           ||     3
       Unarmed           ||     2
Dodge: Dodged            ||     1

Levels and vault maps discovered:
D:1:      dpeg_arrival_pond, layout_cave_pools, cheibrodos_sewer_entry_bend

Notes
Turn   | Place    | Note
-------+----------+-------------------------------------------
     0 | D:1      | MackTheKnife the Oozomorph Berserker began the quest for
                  | the Orb.
     0 | D:1      | Reached XP level 1. HP: 24/24 MP: 1/1
     0 | D:1      | magus.rc [v1.9.6]
    21 | D:1      | HP: 1/24 [kobold/cursed +6 club of chaos {(Curse: Fragile)}
                  | (14)]
    22 | D:1      | Succumbed to a kobold's poison

Vanquished Creatures
  A goblin (D:1)
1 creature vanquished.

Table legend:
 A = Non-vault XP
 B = Vault XP
 C = Vault XP percentage of total XP
 D = Non-vault monster count
 E = Vault monster count
 F = Vault count percentage of total count
                 A         B        C        D         E       F
            +---------+---------+-------+---------+---------+-------
      Total |       2 |       0 |   0.0 |       1 |       0 |   0.0
            +---------+---------+-------+---------+---------+-------
        D:1 |       2 |       0 |   0.0 |       1 |       0 |   0.0
            +---------+---------+-------+---------+---------+-------

Illustrated notes

Table legend:
 A = Kills in this place as a percentage of kills in entire the game.
 B = Kills by you in this place as a percentage of kills by you in the entire game.
 C = Kills by friends in this place as a percentage of kills by friends in the entire game.
 D = Other kills in this place as a percentage of other kills in the entire game.
 E = Experience gained in this place as a percentage of experience gained in the entire game.
 F = Experience gained in this place divided by the number of levels of this place that you have seen.
                   A       B       C       D       E      F
               +-------+-------+-------+-------+-------+----------------------
         Total | 100.0 | 100.0 |   N/A |   N/A | 100.0 |   2.0
       Dungeon | 100.0 | 100.0 |   N/A |   N/A | 100.0 |   2.0
               +-------+-------+-------+-------+-------+----------------------

Table legend: (Time is in decaauts)
 A = Elapsed time spent in this place.
 B = Non-inter-level travel time spent in this place.
 C = Inter-level travel time spent in this place.
 D = Time resting spent in this place.
 E = Time spent auto-exploring this place.
 F = Levels seen in this place.
 G = Mean time per level.
                   A        B        C        D        E       F      G
               +--------+--------+--------+--------+--------+-----+--------+
         Total |     22 |     22 |      0 |      0 |      6 |   1 |   22.0 |
       Dungeon |     22 |     22 |      0 |      0 |      6 |   1 |   22.0 |
               +--------+--------+--------+--------+--------+-----+--------+

Top non-repeatable levels by time:
     D:1: 22 daAuts
